 Dungeon Sprint DCSS version 0.17-a0-1570-g74b7129 (webtiles) character file.

6532 tt080 the End of an Era (level 11, -3/81 HPs)
             Began as a Formicid Fighter on July 23, 2015.
             Was the Champion of Qazlal.
             Slain by a stone giant (7 damage)
             ... in the Dungeon (Sprint IX: "|||||||||||||||||||||||||||||").
             The game lasted 00:07:54 (805 turns).

tt080 the End of an Era (Formicid Fighter)           Turns: 805, Time: 00:07:54

Health: -3/81      AC: 14    Str: 24    XL:     11   Next: 20%
Magic:  6/24       EV:  9    Int:  7    God:    Qazlal [******]
Gold:   400        SH: 19    Dex: 11    Spells: 0 memorised, 10 levels left

rFire  . . .     SeeInvis +     r - +7 lajatang of Order {silver, rMut}
rCold  . . .     Clarity  .     v - +1 scale mail
rNeg   . . .     SustAt   .     c - +0 shield
rPois  .         Gourm    .     (helmet unavailable)
rElec  .         Spirit   .     u - +0 cloak
rCorr  .         Warding  .     H - +0 pair of gloves
rMut   +         Stasis   +     G - +0 pair of boots
MR     +....                    (no amulet)
Stlth  ..........               (no ring)
                                w - +2 ring of protection

@: repel missiles, somewhat resistant to hostile enchantments, extremely
unstealthy
A: permanent stasis, dig shafts and tunnels, four strong arms, antennae 3
a: Dig, Upheaval, Elemental Force, Disaster Area, Renounce Religion


You were in the Dungeon.
You worshipped Qazlal.
Qazlal was exalted by your worship.
You were not hungry.

You visited 1 branch You collected 400 gold pieces.

Inventory:

Hand weapons
 a - a +0 long sword
 q - a +2 halberd of protection
 r - the +7 lajatang of Order (weapon) {silver, rMut}
   (You found it in the Dungeon)

   It protects you from mutation.
 s - a +2 morningstar of protection
 t - a +2 scimitar of flaming
Armour
 b - a +0 scale mail
 c - a +0 shield (worn)
 u - a +0 cloak (worn)
 v - a +1 scale mail (worn)
 G - a +0 pair of boots (worn)
 H - a +0 pair of gloves (worn)
Magical staves
 p - an uncursed staff of energy
Jewellery
 w - a +2 ring of protection (left hand)
 x - a +3 ring of intelligence
Magical devices
 o - a wand of cold (2)
Scrolls
 k - 3 scrolls of blinking
 m - 4 scrolls of remove curse
 n - 2 scrolls of amnesia
 y - a scroll of fear
 C - 2 scrolls of recharging
 D - a scroll of fog
Potions
 d - a potion of invisibility
 f - 3 potions of heal wounds
 g - 5 potions of curing
 h - a potion of haste
 i - 4 potions of magic
 j - a potion of berserk rage
 z - 2 potions of agility
 A - a potion of might
 B - a potion of brilliance
Comestibles
 e - 14 bread rations
 E - 40 fruits
 F - 12 meat rations


   Skills:
 - Level 6.1 Fighting
 - Level 6.6 Long Blades
 - Level 7.0(9.4) Polearms
 * Level 9.8(10.7) Staves
 + Level 7.0 Armour
 + Level 7.6 Shields
 * Level 18.3 Invocations
 + Level 12.5 Evocations


You had 10 spell levels left.
You didn't know any spells.

Dungeon Overview and Level Annotations

Branches:
Dungeon (1/1)

Altars:
Cheibriados
Dithmenos
Elyvilon
Fedhas
Gozag
Kikubaaqudgha
Makhleb
Nemelex Xobeh
Okawaru
Qazlal
Ru
Sif Muna
Trog
Vehumet
Xom
Yredelemnul
Zin
The Shining One
Beogh
Jiyva
Lugonu


Innate Abilities, Weirdness & Mutations

You are under a permanent stasis effect.
You can dig through walls and to a lower floor.
Your four strong arms can wield two-handed weapons with a shield.
You have a pair of large antennae on your head (SInv).


Message History

The stone giant is heavily wounded.
You block the stone giant's attack.
Unknown command.
You hit the stone giant.
The stone giant is heavily wounded.
You block the stone giant's attack.
You slice the stone giant!!
The stone giant is severely wounded.
You block the stone giant's attack.
You barely miss the stone giant.
The stone giant is severely wounded.
Unknown command.
You hit the stone giant.
The stone giant is severely wounded.
You block the stone giant's attack.
Unknown command.
You slash the stone giant!
The stone giant is almost dead.
The stone giant hits you!
You die...

)...'_____________________'.....)
▓▓▓▓▓▓▓▓▓▓▓▓▓▓▓▓▓▓▓▓▓▓▓▓▓▓▓▓▓▓▓▓▓
.................................
▓▓▓▓▓▓▓▓▓▓▓▓▓▓▓▓▓▓▓▓▓▓▓▓▓▓▓▓▓▓▓▓▓
†††........††....†††.†'.....)[[..
▓▓▓▓▓▓▓▓▓▓▓▓▓▓▓▓▓▓▓▓▓▓▓▓▓▓▓▓▓▓▓▓▓
..........................(......
▓▓▓▓▓▓▓▓▓▓▓▓▓▓▓▓▓▓▓▓▓▓▓▓▓▓▓▓▓▓▓▓▓
{{{ {{{{oooooooC@(..)[)[.[$[)))..
▓▓▓▓▓▓▓▓▓▓▓▓▓▓▓▓▓▓▓▓▓▓▓▓ { {


You could see a stone giant, 3 orc knights and 3 orc warriors.

Vanquished Creatures
  Sonja (D)
  3 hill giants (D)
  An orc sorcerer (D)
  2 spiny frogs (D)
  A komodo dragon (D)
  5 polar bears (D)
  A deep elf mage (D)
  A vampire (D)
  2 wyverns (D)
  A steam dragon (D)
  A hippogriff (D)
  3 basilisks (D)
  2 water moccasins (D)
  An ogre (D)
  A porcupine (D)
  3 black bears (D)
  3 giant frogs (D)
  A crimson imp (D)
  A hound (D)
  4 orc priests (D)
  2 iguanas (D)
  2 orc wizards (D)
  3 worker ants (D)
  A river rat (D)
  An ooze (D)
  8 orcs (D)
  A quokka (D)
  2 bats (D)
  A giant newt (D)
  A goblin (D)
  A quokka zombie (D)
  A rat (D)
62 creatures vanquished.

Vanquished Creatures (others)
  A spatial maelstrom (D)
1 creature vanquished.

Grand Total: 63 creatures vanquished

Notes
Turn   | Place    | Note
--------------------------------------------------------------
     0 | D        | tt080 the Formicid Fighter began the quest for the Orb.
     0 | D        | Reached XP level 1. HP: 18/18 MP: 1/1
     6 | D        | Reached skill level 4 in Shields
    10 | D        | Reached XP level 2. HP: 23/25 MP: 2/2
    12 | D        | Banished a spatial maelstrom
    24 | D        | Noticed a hound
    24 | D        | Noticed an ogre
    24 | D        | Noticed a worker ant
    44 | D        | Killed a worker ant
    44 | D        | Reached skill level 5 in Shields
    44 | D        | Reached XP level 3. HP: 20/31 MP: 3/3
    52 | D        | Killed an ogre
    52 | D        | Reached skill level 5 in Fighting
    52 | D        | Reached skill level 6 in Long Blades
    52 | D        | Reached skill level 5 in Armour
    52 | D        | Reached XP level 4. HP: 20/40 MP: 4/4
    52 | D        | Reached XP level 5. HP: 23/46 MP: 5/5
    60 | D        | Killed a hound
    75 | D        | Found a glowing silver altar of Zin.
    75 | D        | Found a glowing golden altar of the Shining One.
    75 | D        | Found an ancient bone altar of Kikubaaqudgha.
    75 | D        | Found a basalt altar of Yredelemnul.
    75 | D        | Found a shimmering altar of Xom.
    75 | D        | Found a radiant altar of Vehumet.
    76 | D        | Found an iron altar of Okawaru.
    77 | D        | Found a burning altar of Makhleb.
    78 | D        | Found a deep blue altar of Sif Muna.
    79 | D        | Found a bloodstained altar of Trog.
    80 | D        | Found a sparkling altar of Nemelex Xobeh.
    81 | D        | Found a white marble altar of Elyvilon.
    82 | D        | Found a roughly hewn altar of Beogh.
    83 | D        | Found a viscous altar of Jiyva.
    84 | D        | Found a corrupted altar of Lugonu.
    85 | D        | Found a blossoming altar of Fedhas.
    86 | D        | Found a snail-covered altar of Cheibriados.
    87 | D        | Found a shadowy altar of Dithmenos.
    88 | D        | Found a stormy altar of Qazlal.
    89 | D        | Found an opulent altar of Gozag.
    90 | D        | Found a sacrificial altar of Ru.
    98 | D        | Became a worshipper of Ru the Awakened
   120 | D        | Fell from the grace of Ru
   120 | D        | Became a worshipper of Qazlal Stormbringer
   234 | D        | Noticed a hill giant
   234 | D        | Noticed a worker ant
   234 | D        | Noticed a hill giant
   234 | D        | Noticed a hill giant
   237 | D        | Killed a worker ant
   237 | D        | Reached skill level 1 in Polearms
   237 | D        | Reached skill level 1 in Evocations
   238 | D        | Killed a hill giant
   238 | D        | Acquired Qazlal's first power
   238 | D        | Reached skill level 5 in Polearms
   238 | D        | Reached skill level 10 in Invocations
   238 | D        | Reached XP level 6. HP: 26/52 MP: 5/13
   238 | D        | Reached XP level 7. HP: 29/58 MP: 5/14
   239 | D        | Killed a hill giant
   239 | D        | Reached skill level 11 in Invocations
   239 | D        | Reached XP level 8. HP: 32/64 MP: 5/16
   242 | D        | Killed a hill giant
   242 | D        | Reached skill level 13 in Invocations
   242 | D        | Reached XP level 9. HP: 35/69 MP: 5/18
   244 | D        | Acquired Qazlal's second power
   270 | D        | Noticed a deep elf mage
   270 | D        | Noticed a vampire
   270 | D        | Noticed a giant frog
   270 | D        | Noticed a worker ant
   270 | D        | Noticed a crimson imp
   271 | D        | Killed a worker ant
   271 | D        | Killed a giant frog
   284 | D        | Killed a vampire
   290 | D        | Killed a deep elf mage
   297 | D        | Killed a crimson imp
   297 | D        | Acquired Qazlal's third power
   408 | D        | Noticed a basilisk
   408 | D        | Noticed a spiny frog
   408 | D        | Noticed a water moccasin
   408 | D        | Noticed an iguana
   408 | D        | Noticed a porcupine
   408 | D        | Noticed an iguana
   409 | D        | Killed an iguana
   409 | D        | Killed a porcupine
   409 | D        | Reached skill level 14 in Invocations
   413 | D        | Killed an iguana
   414 | D        | Noticed a komodo dragon
   415 | D        | Noticed a basilisk
   418 | D        | Killed a water moccasin
   418 | D        | Acquired Qazlal's fourth power
   418 | D        | Reached skill level 5 in Staves
   419 | D        | Killed a basilisk
   420 | D        | Killed a spiny frog
   420 | D        | Reached skill level 15 in Invocations
   420 | D        | Reached skill level 10 in Evocations
   421 | D        | Killed a basilisk
   422 | D        | Killed a komodo dragon
   422 | D        | Reached XP level 10. HP: 76/76 MP: 9/21
   445 | D        | Noticed a steam dragon
   445 | D        | Noticed a hippogriff
   445 | D        | Noticed a wyvern
   445 | D        | Noticed a giant frog
   445 | D        | Noticed a basilisk
   445 | D        | Noticed a spiny frog
   446 | D        | Killed a wyvern
   446 | D        | Killed a giant frog
   446 | D        | Acquired Qazlal's fifth power
   446 | D        | Killed a hippogriff
   448 | D        | Noticed a wyvern
   450 | D        | Noticed a giant frog
   451 | D        | Killed a spiny frog
   451 | D        | Reached skill level 16 in Invocations
   453 | D        | Noticed a water moccasin
   453 | D        | Killed a wyvern
   454 | D        | Killed a steam dragon
   454 | D        | Killed a giant frog
   455 | D        | Killed a basilisk
   459 | D        | Killed a water moccasin
   469 | D        | Noticed a black bear
   469 | D        | Noticed a polar bear
   469 | D        | Noticed a black bear
   469 | D        | Noticed a polar bear
   469 | D        | Noticed a polar bear
   469 | D        | Noticed a black bear
   470 | D        | Killed a black bear
   470 | D        | Killed a black bear
   470 | D        | Reached skill level 17 in Invocations
   472 | D        | Noticed a polar bear
   472 | D        | Killed a polar bear
   472 | D        | Killed a black bear
   474 | D        | Noticed a polar bear
   474 | D        | Killed a polar bear
   476 | D        | Killed a polar bear
   485 | D        | Killed a polar bear
   491 | D        | Killed a polar bear
   708 | D        | Noticed Sonja
   712 | D        | Killed Sonja
   712 | D        | Reached skill level 18 in Invocations
   712 | D        | Reached XP level 11. HP: 57/81 MP: 18/24
   768 | D        | Noticed an orc priest
   770 | D        | Noticed an orc wizard
   770 | D        | Killed an orc wizard
   772 | D        | Killed an orc priest
   773 | D        | Noticed an orc priest
   775 | D        | Noticed an orc sorcerer
   775 | D        | Killed an orc priest
   776 | D        | Noticed an orc priest
   777 | D        | Noticed a soul eater
   778 | D        | Killed an orc priest
   778 | D        | Killed an orc priest
   780 | D        | Killed an orc sorcerer
   782 | D        | Noticed an orc wizard
   783 | D        | Killed an orc wizard
   796 | D        | Noticed an orc knight
   796 | D        | Noticed an orc knight
   796 | D        | Noticed an orc warrior
   796 | D        | Noticed an orc warrior
   796 | D        | Noticed an orc knight
   796 | D        | Noticed a stone giant
   796 | D        | HP: 2/81 [stone giant/large rock (7)]
   798 | D        | Noticed an orc warrior
   805 | D        | Slain by a stone giant

Vault maps used:
D:        linesprint

Action                   |  1- 3 |  4- 6 |  7- 9 | 10-12 || total
-------------------------+-------+-------+-------+-------++-------
Melee: Long sword        |    34 |     8 |       |       ||    42
       Halberd           |       |       |     4 |       ||     4
       Lajatang          |       |       |    26 |    39 ||    65
Invok: Upheaval          |       |       |     5 |    14 ||    19
Evoke: Wand              |       |     3 |     2 |       ||     5
       Staff of energy   |       |       |     5 |     6 ||    11
  Use: Potion            |     3 |       |     1 |       ||     4
